 Dungeon Crawl Stone Soup version 0.25-a0-589-g1e14c549ee (webtiles) character file.

Game seed: 7670149558535374234, levelgen mode: deterministic

190 Kohma the Insei (level 5, -2/34 HPs)
             Began as an Octopode Transmuter on Mar 9, 2020.
             Slain by a killer bee (4 damage)
             ... on level 2 of the Dungeon.
             The game lasted 00:09:01 (2720 turns).

Kohma the Insei (Octopode Transmuter)               Turns: 2720, Time: 00:09:01

Health: -2/34      AC:  1    Str:  9    XL:     5   Next: 69%
Magic:  1/9        EV: 13    Int: 17    God:
Gold:   137        SH:  0    Dex: 12    Spells: 4/10 levels left

rFire    . . .     SeeInvis .     - Unarmed
rCold    . . .     Gourm    .   (no shield)
rNeg     . . .     Faith    .   (helmet restricted)
rPois    .         Spirit   .   (no amulet)
rElec    .         Reflect  .   (no ring)
rCorr    .         Harm     .   (no ring)
MR       .....                  (no ring)
Stlth    ++........             (no ring)
HPRegen  0.11/turn              (no ring)
MPRegen  0.11/turn              (no ring)
                                (no ring)
                                (no ring)

@: appendage, hasted, very quick
A: almost no armour, stealthy swim, amphibious, 8 rings, constrict 8, tentacle
spike 3, camouflage 1, gelatinous body 1
a: End Transformation


You were on level 2 of the Dungeon.
You were hungry.
One of your tentacles had a temporary spike.
You visited 1 branch of the dungeon, and saw 3 of its levels.

You collected 137 gold pieces.

Inventory:

Missiles
 a - 53 arrows
 g - 131 stones
 h - 4 atropa-tipped darts
 i - 32 sling bullets
 q - 12 poisoned darts (quivered)
Jewellery
 t - an uncursed amulet of regeneration
Scrolls
 e - a scroll of noise {unknown}
 l - 2 scrolls of fear {unknown}
 p - a scroll of fog {unknown}
 r - a scroll of amnesia {unknown}
 s - a scroll of blinking {unknown}
 u - 2 scrolls of immolation {unknown}
 x - a scroll of magic mapping {unknown}
Potions
 k - a potion of mutation
 o - a potion of brilliance {unknown}
 v - a potion of berserk rage {unknown}
 w - a potion of resistance {unknown}
 z - 3 potions of flight
 A - a potion of cancellation {unknown}
 B - a potion of might {unknown}
Comestibles
 c - 7 rations
 d - 3 chunks of flesh


   Skills:
 + Level 2.3 Fighting
 - Level 2.0 Dodging
 + Level 3.8 Unarmed Combat
 - Level 3.1 Spellcasting
 - Level 3.2 Transmutations
 - Level 2.1 Poison Magic


You had 4 spell levels left.
You knew the following spells:

 Your Spells              Type           Power        Failure   Level  Hunger
a - Beastly Appendage     Tmut           ##....       4%          1    None
b - Sticks to Snakes      Tmut           ##......     7%          2    ##.....
c - Spider Form           Tmut/Pois      ##........   17%         3    ###....

Your spell library contained the following spells:

 Spells                   Type           Power        Failure   Level  Hunger
 Ice Form                 Ice/Tmut       #.......     65%         4    ####...
 Blade Hands              Tmut           ##........   77%         5    ######.


Dungeon Overview and Level Annotations

Branches:
Dungeon (3/15)

Altars:
Okawaru

Annotations:
D:3 2 transporters, iroha's ghost, amateur OgHu


Innate Abilities, Weirdness & Mutations

You cannot wear most types of armour.
You are very stealthy in the water. (Stealth+)
You are amphibious.
You can wear up to eight rings at the same time.
You can use your tentacles to constrict eight enemies at once.
Your skin changes colour to match your surroundings (Stealth+).
Your rubbery body absorbs attacks. (AC +1, EV +1)
One of your tentacles bears a large vicious spike.


Message History

You tentacle-slap the killer bee but do no damage.
Your grab misses the killer bee.
Your tentacle spike misses the killer bee.
The killer bee is lightly wounded.
The killer bee misses you.
You closely miss the killer bee. Your grab misses the killer bee.
The killer bee is lightly wounded.
The killer bee misses you.
You miss the killer bee. Your grab misses the killer bee.
The killer bee is lightly wounded.
The killer bee stings you.
* * * LOW HITPOINT WARNING * * *
The killer bee misses you.
You miss the killer bee. Your grab misses the killer bee.
The killer bee is lightly wounded.
The killer bee closely misses you.
You barely miss the killer bee. Your grab misses the killer bee.
The killer bee is lightly wounded.
The killer bee stings you.
You die...

##.#####.....##.#.....
#.# ####..........#..
#.# #................
#.# #.###.######.....
#.# #.# #........####
#.###.# ########.#
#...#.# #######.####
###.#.## #...........
#.@#.# #.#####.####
#.y.## #.#####.####
#..## #.#.........
#..# #.#.###...#. #..#
#.#.###.#.#. #..#
###.#.##..#.#.
#..###.....##'##.#[
#..#.......#≈≈≈#.#.
#..#.#.#...'≈≈≈'.#.


You could see a killer bee.

Vanquished Creatures
  A bullfrog (D:3)
  Jessica (D:2)
  3 adders
  An ooze (D:3)
  A dart slug (D:2)
  A worm (D:3)
  A leopard gecko (D:1)
  2 ball pythons
  4 bats
  A giant cockroach (D:1)
  8 hobgoblins
  5 kobolds
  7 goblins
  5 rats
41 creatures vanquished.

Vanquished Creatures (collateral kills)
  A killer bee (D:3)
  An adder (D:2)
  A gnoll (D:1)
  A worm (D:2)
  An orc (D:3)
  A goblin (D:3)
6 creatures vanquished.

Vanquished Creatures (others)
  5 plants (D:3)
5 creatures vanquished.

Grand Total: 52 creatures vanquished

Notes
Turn   | Place    | Note
-------+----------+-------------------------------------------
     0 | D:1      | Kohma the Octopode Transmuter began the quest for the Orb.
     0 | D:1      | Reached XP level 1. HP: 13/13 MP: 3/3
   597 | D:1      | Reached XP level 2. HP: 18/18 MP: 3/5
   601 | D:1      | Learned a level 2 spell: Sticks to Snakes
  1087 | D:1      | You fall into a shaft and drop 1 floor!
  1263 | D:2      | Reached XP level 3. HP: 21/23 MP: 0/6
  1268 | D:2      | Learned a level 3 spell: Spider Form
  1521 | D:2      | Noticed Jessica
  1533 | D:2      | Killed Jessica
  1533 | D:2      | Reached skill level 1 in Poison Magic
  1600 | D:2      | Reached XP level 4. HP: 26/28 MP: 1/8
  2070 | D:2      | Found an iron altar of Okawaru.
  2344 | D:3      | Identified the +6 halberd of Execution {venom, rF+}
  2371 | D:3      | Found a transporter.
  2377 | D:3      | Found a transporter.
  2385 | D:3      | Noticed a bullfrog
  2394 | D:3      | Noticed iroha's ghost (amateur OgHu)
  2398 | D:3      | Killed a bullfrog
  2398 | D:3      | Reached XP level 5. HP: 34/34 MP: 7/9
  2703 | D:3      | HP: 1/34 [killer bee (3)]
  2720 | D:2      | Slain by a killer bee

Levels and vault maps discovered:
D:1:      nicolae_arrival_memento_mori, layout_rooms, minmay_misc_feat_roman
D:2:      layout_loops_ring, kennysheep_okawaru_gauntlet, minmay_liquid_box,
          uniq_jessica
D:3:      corexii_shack_village, layout_loops_ring,
          gammafunk_ghost_gnarly_gnolls

Skill      XL: |  1  2  3  4  5 |
---------------+----------------+-----
Poison Magic   | 1 2 |  2.1
Spellcasting   | 3 |  3.1
Transmutations | 3 |  3.2
Fighting       | 2 |  2.3
Dodging        | |  2.0
Unarmed Combat | |  3.8

Action                   |  1- 3 |  4- 6 || total
-------------------------+-------+-------++-------
Melee: Unarmed           |    52 |    39 ||    91
       Constrict         |    15 |     7 ||    22
       Kick              |    10 |     4 ||    14
       Tentacles         |     6 |     7 ||    13
Throw: Stone             |     4 |       ||     4
       Dart              |       |    12 ||    12
 Cast: Beastly Appendage |    13 |    11 ||    24
       Sticks to Snakes  |     5 |    14 ||    19
  Use: Potion            |       |     5 ||     5
       Scroll            |       |     4 ||     4
 Stab: Sleeping          |     3 |     3 ||     6
  Eat: Chunk             |     2 |     4 ||     6
Armor: Skin              |     9 |     3 ||    12
Dodge: Dodged            |    62 |    37 ||    99

Table legend:
 A = Non-vault XP
 B = Vault XP
 C = Vault XP percentage of total XP
 D = Non-vault monster count
 E = Vault monster count
 F = Vault count percentage of total count
                 A         B        C        D         E       F
            +---------+---------+-------+---------+---------+-------
      Total |     221 |      51 |  18.8 |      38 |       9 |  19.1
            +---------+---------+-------+---------+---------+-------
        D:1 |      35 |       0 |   0.0 |      16 |       0 |   0.0
        D:2 |      37 |      41 |  52.6 |      12 |       3 |  20.0
        D:3 |     149 |      10 |   6.3 |      10 |       6 |  37.5
            +---------+---------+-------+---------+---------+-------
